 Dungeon Crawl Stone Soup version 0.26-a0-651-gb41185065b (webtiles) character file.

Game seed: 986504175052687901

24593 tilp the Unseen (level 12, -5/61 HPs)
             Began as a Spriggan Enchanter on Oct 7, 2020.
             Was an Elder of Dithmenos.
             Engulfed by an ice statue's freezing vapour (13 damage)
             ... on level 2 of the Lair of Beasts.
             The game lasted 00:43:48 (21165 turns).

tilp the Unseen (Spriggan Enchanter)               Turns: 21165, Time: 00:43:49

Health: -5/61      AC:  8    Str:  2    XL:     12   Next: 82%
Magic:  7/10       EV: 30    Int: 26    God:    Dithmenos [****..]
Gold:   665        SH:  7    Dex: 17    Spells: 12/23 levels left

rFire    . . .     SeeInvis +   X - +10 long sword of Arrival {antimagic, +Fly MR+ Str-2 Int+5}
rCold    . . .     Faith    .   i - +0 buckler
rNeg     . . .     Spirit   .   L - +0 steam dragon scales
rPois    .         Reflect  .   (helmet restricted)
rElec    .         Harm     .   d - +2 cloak
rCorr    .         Rampage  .   (gloves unavailable)
MR       ++++.                  (boots unavailable)
Stlth    +++++++++.             (no amulet)
HPRegen  0.20/turn              g - ring of protection from magic
MPRegen  0.12/turn              s - ring of magical power

@: about to teleport, wreathed by umbra, very quick
A: very small, unfitting armour, see invisible, speed 3
a: Shadow Step, Renounce Religion, Evoke Flight


You were on level 2 of the Lair of Beasts.
You worshipped Dithmenos.
Dithmenos was greatly pleased with you.
You visited 4 branches of the dungeon, and saw 15 of its levels.

You collected 1235 gold pieces.
You spent 570 gold pieces at shops.

Inventory:

Hand Weapons
 a - a +1 dagger
 b - a +2 rapier of venom
 f - a +0 dagger of speed
 o - a +0 dagger of protection
 H - a +2 hand axe of flaming
 I - a +2 short sword of draining
 X - the +10 long sword of Arrival (weapon) {antimagic, +Fly MR+ Str-2 Int+5}
   (You found it on level 2 of the Lair of Beasts)

   It reduces the magical energy of the wielder, and disrupts the spells and
   magical abilities of those hit.
   Natural abilities and divine invocations are not affected.
   It affects your strength (-2).
   It affects your intelligence (+5).
   It affects your resistance to hostile enchantments.
   It lets you fly.
Missiles
 j - 41 poisoned darts
 m - 26 boomerangs (quivered)
 E - 2 curare-tipped darts
 T - 4 atropa-tipped darts
Armour
 d - a +2 cloak (worn)
 i - a +0 buckler (worn)
 u - the cursed +0 robe of Jete {Str+4 Dex+3}
   (You found it on level 8 of the Dungeon)

   It affects your strength (+4).
   It affects your dexterity (+3).
   It has a curse placed upon it.
 L - +0 steam dragon scales (worn)
 O - a +0 robe of magic resistance
 Q - a +1 robe of cold resistance
Jewellery
 g - a ring of protection from magic (left hand)
 s - a ring of magical power (right hand)
 t - an uncursed ring of positive energy
 y - an uncursed ring of ice
 W - a cursed ring of teleportation {unknown}
 Z - a +4 ring of protection {unknown}
Wands
 q - a wand of iceblast (12)
 z - a wand of paralysis (7)
 D - a wand of disintegration (16)
 R - a wand of digging (14)
 U - a wand of polymorph (12)
Scrolls
 e - 3 scrolls of fear
 h - 9 scrolls of teleportation
 k - 7 scrolls of amnesia
 l - 2 scrolls of immolation
 v - 6 scrolls of remove curse
 x - 4 scrolls of identify
 A - 2 scrolls of enchant weapon
 F - a scroll of silence
 G - a scroll of magic mapping
 P - a scroll of fog
 V - a scroll of blinking
Potions
 c - a potion of mutation
 n - 6 potions of curing
 p - 2 potions of brilliance
 r - a potion of lignification
 w - 2 potions of heal wounds
 B - 2 potions of ambrosia
 C - 4 potions of cancellation
 J - 2 potions of might
 K - 3 potions of haste
 M - a potion of flight
 N - a potion of stabbing
 S - a potion of berserk rage
 Y - a potion of invisibility {unknown}


   Skills:
 - Level 6.0 Fighting
 - Level 10.0 Short Blades
 + Level 14.8 Dodging
 - Level 15.0 Stealth
 - Level 4.0 Shields
 - Level 6.0 Spellcasting
 - Level 10.0 Hexes
 - Level 4.0 Invocations
 - Level 4.0 Evocations


You had 12 spell levels left.
You knew the following spells:

 Your Spells              Type           Power        Failure   Level
b - Ensorcelled Hibernat  Hex/Ice        ####..       1%          2
c - Confusing Touch       Hex            ######..     1%          3
d - Tukima's Dance        Hex            ######..     1%          3
e - Dazzling Flash        Conj/Hex       ####..       3%          3

Your spell library contained the following spells:

 Spells                   Type           Power        Failure   Level
 Corona                   Hex            ######.      1%          1
 Slow                     Hex            ######..     1%          2
 Summon Guardian Golem    Hex/Summ       ####....     3%          3
 Freeze                   Ice            #...         9%          1
 Magic Dart               Conj           #...         9%          1
 Summon Small Mammal      Summ           #...         9%          1
 Blink                    Tloc           N/A          13%         2
 Call Imp                 Summ           #.......     13%         2
 Poisonous Vapours        Pois/Air       #.....       13%         2
 Call Canine Familiar     Summ           #.......     26%         3
 Conjure Flame            Conj/Fire      #.......     26%         3
 Frozen Ramparts          Ice            #.....       26%         3
 Mephitic Cloud           Conj/Pois/Air  #.......     26%         3
 Ozocubu's Armour         Ice            #.......     26%         3
 Hailstorm                Conj/Ice       #.......     63%         4
 Summon Ice Beast         Ice/Summ       #.......     63%         4
 Summon Lightning Spire   Summ/Air       #.......     63%         4
 Freezing Cloud           Conj/Ice/Air   #.........   100%        6


Dungeon Overview and Level Annotations

Branches:
Dungeon (11/15)            Temple (1/1) D:5            Lair (2/6) D:9
    Orc (1/2) D:11
  Swamp: Lair:2-4    Shoals: Lair:2-4     Snake: Lair:2-4    Spider: Lair:2-4

Altars:
Ashenzari
Cheibriados
Dithmenos
Elyvilon
Fedhas
Gozag
Hepliaklqana
Kikubaaqudgha
Makhleb
Nemelex Xobeh
Okawaru
Qazlal
Ru
Sif Muna
Trog
Uskayaw
Vehumet
Wu Jian
Xom
Yredelemnul
Zin
The Shining One

Shops:
D:6 !??}[   D:8 :   D:9 [

Annotations:
D:5 exclusion: adder, Sigmund
D:9 hive (dig vault)
D:10 death knight
D:11 1 runed translucent door, Soub's ghost, journeyman GrFi
Lair:2 3 runed translucent doors, ice statue fly vault, exclusion: ice statue, Wonupn's ghost, journeyman HaGl


Innate Abilities, Weirdness & Mutations

You are very small and have problems with some larger weapons.
You are too small for most types of armour.
You have supernaturally acute eyesight. (SInv)
You cover ground extremely quickly.


Message History

Unknown command.
You are engulfed in freezing vapours.
* * * LOW HITPOINT WARNING * * *
You see here 14 arrows.
The ice beast barely misses you.
You riposte.
You closely miss the ice beast.
You see here 18 gold pieces.
As you read the scroll of teleportation, it crumbles to dust.
You feel strangely unstable. The ice statue gestures at you.
The freezing blast misses you. The ice beast completely misses you.
Unknown command.
You see here 14 arrows.
The ice beast completely misses you.
You riposte.
You hit the ice beast but do no damage. The ice statue gestures at you.
The freezing blast engulfs you.
* * * LOW HITPOINT WARNING * * *
Unknown command.
You are engulfed in freezing vapours.
You die...

##....≈≈≈...........≈≈≈≈.........
.+...≈≈≈..≈≈≈≈..≈≈≈≈.≈≈≈≈........
.#...≈≈..≈≈≈≈≈≈≈≈≈≈≈≈..≈≈........
.....≈≈...≈≈≈≈≈≈≈≈≈≈......P##P..#
.......≈.≈≈≈≈≈≈≈≈≈≈≈≈.≈...##.....
...#..≈≈≈≈≈≈○≈≈≈≈≈≈≈≈≈≈≈...##...#
...#...≈≈≈≈≈≈○☼○○≈○≈≈≈....####..#
....P...≈≈≈≈≈°8Y○○≈≈≈≈.....##...#
.......≈≈≈≈≈°☼?☼@○≈≈≈≈≈...###....
...P..≈≈≈≈≈≈≈≈○≈☼○≈≈≈.≈≈.........
#...#..≈.≈≈≈≈☼☼☼≈≈°≈......###...#
...##.≈...≈≈≈≈≈≈≈≈≈≈...≈..# #...#
....#≈≈≈.≈≈≈≈≈≈≈≈≈≈≈≈...≈## #...#
.....≈≈≈..≈≈≈≈..≈≈≈≈..≈≈≈## #....
......≈≈≈≈..........≈.≈≈.≈# #...#
.....⌠.≈≈...........≈≈≈.⌠####....
>................P......P.##P...#


You could see an ice statue and an ice beast (summoned).

Vanquished Creatures
  Fannar (D:11)
  An ice dragon (Lair:2)
  2 hydras
  A two-headed ogre (D:8)
  2 centaur warriors (D:10)
  An ogre mage (D:10)
  An unseen horror (D:10)
  A cyclops (D:11)
  A centaur zombie (D:10)
  4 elephants (Lair:2)
  A black mamba (Lair:1)
  2 cane toads
  Maggie (D:8)
  A rime drake (Lair:2)
  A gargoyle (D:10)
  A komodo dragon (D:10)
  2 trolls (D:11)
  2 polar bears (Lair:2)
  3 hippogriffs
  3 wraiths
  A basilisk (Lair:1)
  28 yaks
  7 water moccasins
  7 porcupines
  6 ice beasts (Lair:2)
  9 orc warriors
  A hornet zombie (D:7)
  3 black bears
  A necrophage (D:10)
  6 sky beasts
  A phantom (D:8)
  2 centaurs (D:10)
  4 ogres
  3 crocodiles (D:9)
  2 big kobolds
  8 bullfrogs
  3 scorpions
  19 killer bees
  14 wights
  2 howler monkeys (D:11)
  3 vampire bats (D:4)
  2 bullfrog zombies
  3 centaur skeletons
  3 bullfrog skeletons
  Crazy Yiuf (D:4)
  4 hounds
  2 jellies
  11 orc wizards
  9 orc priests
  2 iguanas
  2 hell rats (Lair:1)
  4 worker ants
  A hound skeleton (D:9)
  A howler monkey zombie (D:6)
  2 worker ant zombies
  5 gnolls
  4 howler monkey skeletons
  10 river rats (Lair:1)
  16 adders
  3 white imps
  An ooze (D:6)
  2 adder zombies
  An adder skeleton (D:6)
  3 worms
  A dart slug (D:3)
  A leopard gecko (D:10)
  61 orcs
  6 bats
  3 bat skeletons (D:4)
  3 bat zombies (D:4)
  3 giant cockroaches
  6 hobgoblins
  4 jackals (D:7)
  12 kobolds
  A quokka (D:6)
  2 ball pythons
  3 frilled lizards
  11 goblins
  A jackal skeleton (D:5)
  5 rats
377 creatures vanquished.

Vanquished Creatures (others)
  34 fungi
  35 plants
69 creatures vanquished.

Grand Total: 446 creatures vanquished

Notes
Turn   | Place    | Note
-------+----------+-------------------------------------------
     0 | D:1      | tilp the Spriggan Enchanter began the quest for the Orb.
     0 | D:1      | Reached XP level 1. HP: 9/9 MP: 5/5
   330 | D:1      | Reached XP level 2. HP: 13/13 MP: 4/6
   343 | D:1      | Learned a level 2 spell: Ensorcelled Hibernation
   788 | D:2      | Reached skill level 5 in Stealth
   885 | D:2      | Found a burning altar of Makhleb.
   885 | D:2      | Noticed a cacodemon
  1088 | D:2      | Found a blossoming altar of Fedhas.
  1190 | D:2      | Reached XP level 3. HP: 16/16 MP: 5/8
  1196 | D:2      | Learned a level 3 spell: Confusing Touch
  2359 | D:2      | Reached skill level 6 in Stealth
  2359 | D:2      | Reached XP level 4. HP: 21/21 MP: 6/9
  2658 | D:3      | Noticed a bullfrog
  2685 | D:3      | Killed a bullfrog
  2685 | D:3      | Reached XP level 5. HP: 24/24 MP: 0/10
  3060 | D:3      | Reached skill level 7 in Stealth
  3562 | D:3      | Found a broken altar of Ashenzari.
  3749 | D:3      | Found an iron altar of Okawaru.
  4275 | D:4      | Reached XP level 6. HP: 28/28 MP: 11/11
  4282 | D:4      | Reached skill level 8 in Stealth
  4287 | D:4      | Learned a level 3 spell: Tukima's Dance
  4340 | D:4      | Reached skill level 5 in Short Blades
  4598 | D:4      | Found an ancient bone altar of Kikubaaqudgha.
  4618 | D:4      | Reached skill level 1 in Shields
  4655 | D:4      | Reached skill level 1 in Fighting
  4915 | D:4      | Reached XP level 7. HP: 33/33 MP: 7/12
  5309 | D:4      | Found a hazy altar of Hepliaklqana.
  5416 | D:4      | Found a runed translucent door.
  5417 | D:4      | Noticed Crazy Yiuf
  5596 | D:4      | Killed Crazy Yiuf
  5677 | D:5      | Entered Level 5 of the Dungeon
  5700 | D:5      | Noticed Sigmund
  5786 | D:5      | Found a snail-covered altar of Cheibriados.
  5936 | D:5      | Found a staircase to the Ecumenical Temple.
  5997 | D:5      | Learned a level 3 spell: Dazzling Flash
  6495 | D:6      | Found Teuwo's Magic Scroll Shoppe.
  7626 | D:6      | Reached skill level 5 in Dodging
  7670 | D:6      | Found Ythoipog's Magic Scroll Boutique.
  7922 | D:6      | Bought a scroll of remove curse for 33 gold pieces
  7922 | D:6      | Bought a scroll of teleportation for 33 gold pieces
  8032 | D:6      | Found Eloqot's Distillery.
  8040 | D:6      | Bought a potion of heal wounds for 50 gold pieces
  8053 | D:6      | Found Miggec's Gadget Boutique.
  8489 | Temple   | Entered the Ecumenical Temple
  8688 | Temple   | Became a worshipper of Dithmenos the Shadowed
  8773 | D:6      | Reached XP level 8. HP: 34/39 MP: 13/13
  8861 | D:6      | Found a shimmering blue altar of Sif Muna.
  8996 | D:6      | Found Zexog's Armour Shoppe.
  9148 | D:6      | Bought a scroll of random uselessness for 13 gold pieces
  9164 | D:6      | Bought a scroll of blinking for 82 gold pieces
  9164 | D:6      | Bought a scroll of enchant weapon for 82 gold pieces
  9164 | D:6      | Bought a scroll of silence for 82 gold pieces
  9180 | D:6      | Bought a scroll of magic mapping for 45 gold pieces
  9183 | D:6      | Bought a potion of cancellation for 80 gold pieces
  9202 | D:6      | Bought a scroll of identify for 22 gold pieces
  9686 | D:7      | Noticed a hippogriff
  9692 | D:7      | Killed a hippogriff
  9750 | D:7      | Found a bloodstained altar of Trog.
  9763 | D:7      | Reached * piety under Dithmenos
  9841 | D:7      | Reached skill level 5 in Hexes
  9962 | D:7      | Found a white marble altar of Elyvilon.
 10347 | D:7      | Reached XP level 9. HP: 44/44 MP: 16/16
 10761 | D:7      | Reached skill level 1 in Evocations
 10869 | D:7      | Reached skill level 1 in Invocations
 11124 | D:8      | Got a shadowed robe
 11128 | D:8      | Noticed a two-headed ogre
 11143 | D:8      | Killed a two-headed ogre
 11325 | D:6      | Bought a scroll of identify for 22 gold pieces
 11341 | D:6      | Bought a scroll of identify for 26 gold pieces
 11341 | D:6      | Identified the cursed +0 robe of Jete {Str+4 Dex+3} (You
                  | found it on level 8 of the Dungeon)
 11542 | D:8      | Found Qoitook's Book Emporium.
 11739 | D:8      | Noticed Maggie
 11765 | D:8      | Killed Maggie
 11765 | D:8      | Reached XP level 10. HP: 49/49 MP: 17/17
 11975 | D:8      | Reached ** piety under Dithmenos
 12795 | D:8      | Reached skill level 9 in Stealth
 12795 | D:8      | Reached skill level 5 in Spellcasting
 12949 | D:9      | Found a stormy altar of Qazlal.
 13325 | D:9      | Found a staircase to the Lair.
 13573 | D:9      | Reached *** piety under Dithmenos
 14060 | D:9      | Found Aciqoh's Armour Boutique.
 14485 | D:9      | Found an opulent altar of Gozag.
 14576 | D:10     | Entered Level 10 of the Dungeon
 14691 | D:10     | Reached skill level 10 in Stealth
 15354 | D:10     | Reached skill level 10 in Dodging
 15670 | D:10     | Reached XP level 11. HP: 54/54 MP: 17/21
 15704 | D:10     | Noticed a centaur warrior
 15712 | D:10     | Killed a centaur warrior
 15789 | D:10     | Reached skill level 5 in Fighting
 16091 | D:10     | Reached **** piety under Dithmenos
 16100 | D:10     | Noticed a centaur warrior
 16415 | D:10     | Noticed an ogre mage
 16421 | D:10     | Killed an ogre mage
 16421 | D:10     | Reached skill level 11 in Stealth
 16421 | D:10     | Reached skill level 10 in Hexes
 16422 | D:10     | Noticed a death knight
 16422 | D:10     | Noticed a four-headed hydra
 16444 | D:10     | Killed a four-headed hydra
 16652 | D:10     | Noticed an unseen horror
 16661 | D:10     | Killed an unseen horror
 16784 | D:10     | Killed a centaur warrior
 16894 | D:10     | Reached skill level 12 in Stealth
 17579 | D:11     | Noticed Fannar
 17590 | D:11     | Killed Fannar
 17995 | D:11     | Found a runed translucent door.
 17997 | D:11     | Noticed Soub's ghost (journeyman GrFi)
 18079 | D:11     | Noticed an eight-headed hydra
 18083 | D:11     | Killed an eight-headed hydra
 18083 | D:11     | Reached XP level 12. HP: 56/61 MP: 22/22
 18241 | D:11     | Found a staircase to the Orcish Mines.
 18275 | Orc:1    | Entered Level 1 of the Orcish Mines
 18610 | Lair:1   | Entered Level 1 of the Lair of Beasts
 18613 | Lair:1   | Reached skill level 13 in Stealth
 19785 | Lair:2   | Reached skill level 10 in Short Blades
 19824 | Lair:2   | Reached skill level 14 in Stealth
 19853 | Lair:2   | Reached ***** piety under Dithmenos
 20051 | Lair:2   | Found a runed translucent gate.
 20051 | Lair:2   | Found a runed translucent gate.
 20051 | Lair:2   | Found a runed translucent gate.
 20051 | Lair:2   | Noticed a seven-headed hydra
 20149 | Lair:2   | Noticed a minotaur
 20154 | Lair:2   | Noticed Wonupn's ghost (journeyman HaGl)
 20375 | Lair:2   | Noticed an ice dragon
 20382 | Lair:2   | Killed an ice dragon
 20382 | Lair:2   | Reached skill level 15 in Stealth
 20393 | Lair:2   | HP: 3/61 [ice statue] (11)]
 20752 | Lair:2   | Got a crystal long sword
 21112 | Lair:2   | Identified the +10 long sword of Arrival {antimagic, +Fly
                  | MR+ Str-2 Int+5} (You found it on level 2 of the Lair of
                  | Beasts)
 21165 | Lair:2   | Engulfed by an ice statue's freezing vapour

Illustrated notes

Levels and vault maps discovered:
D:1:      scummos_arrival_gate, layout_basic
D:2:      layout_basic, lemuel_crystal_altar, makhleb_altar_promises_db
D:3:      layout_loops_cross, okawaru_altar_gauntlet_db,
          overflow_temple_1_default, chequers_serial_rivers_small_b
D:4:      layout_basic, kennysheep_vampire_church, kennysheep_mini_moat,
          minmay_fountain_box, minmay_misc_feat_diagonals,
          kennysheep_opposing_triangles, uniq_crazy_yiuf_cottage
D:5:      layout_cave_pods, slow_altar_1, minmay_temple_entry_from_below_b,
          uniq_sigmund
D:6:      layout_rooms, kennysheep_little_box, serial_shops, shop, shop,
          shop_scrolls, shop, shop, kennysheep_generic_room_7
D:7:      layout_loops_ring, elyvilon_altar_3, kennysheep_mini
D:8:      layout_loops_corners, serial_shops, shop, special_room
          [special_room_orc], uniq_maggie
D:9:      layout_roguey, nicolae_qazlal_style_of_elements, grunt_gozag_statues,
          due_lair_maze_entry_diamond, serial_shops, nicolae_shop_trees,
          hangedman_decor_lopped, hive_lemuel
D:10:     minmay_the_grid_3x2 [minmay_the_grid_gridbox,
          minmay_the_grid_plusring, minmay_the_grid_minigrid_small,
          minmay_the_grid_minigrid_small_alt, minmay_the_grid_broken_lines,
          minmay_the_grid_prize_inner_circle], layout_layer_cave
D:11:     layout_loops_ring, orc_0_dummy, gammafunk_ghost_grave,
          bh_walls_and_bars, uniq_fannar
Temple:   dpeg_chambers_temple
Lair:1:   layout_concentric_octagons, kennysheep_rathole
Lair:2:   layout_chaotic_city, maelrawn_ghost_gauntlet_escape, ice2_lemuel
Orc:1:    layout_caves

Skill      XL: |  1  2  3  4  5  6  7  8  9 10 11 12 |
---------------+-------------------------------------+-----
Hexes          | 4 6 8 9 10 | 10.0
Stealth        | 5 6 7 8 10 12 15 | 15.0
Short Blades   | 2 3 4 5 6 9 10 | 10.0
Shields        | 1 3 4 |  4.0
Fighting       | 1 2 3 4 6 |  6.0
Dodging        | 4 5 8 10 12 14 | 14.8
Spellcasting   | 4 6 |  6.0
Evocations     | 4 |  4.0
Invocations    | 4 |  4.0

Action                   |  1- 3 |  4- 6 |  7- 9 | 10-12 || total
-------------------------+-------+-------+-------+-------++-------
Melee: Dagger            |    92 |   121 |   251 |   592 ||  1056
       Rapier            |       |       |       |    19 ||    19
       Long sword        |       |       |       |     4 ||     4
Throw: Dart              |     1 |       |       |       ||     1
       Boomerang         |       |       |     4 |       ||     4
 Cast: Corona            |     5 |       |       |       ||     5
       Ensorcelled Hiber |    20 |    29 |    91 |   244 ||   384
       Confusing Touch   |       |     4 |    17 |    39 ||    60
       Dazzling Flash    |       |       |       |    15 ||    15
Invok: Shadow Step       |       |       |       |     4 ||     4
Evoke: Wand              |       |       |     2 |     3 ||     5
  Use: Scroll            |       |     5 |     6 |    13 ||    24
       Potion            |       |       |     2 |     2 ||     4
 Stab: Sleeping          |    20 |    31 |    66 |   156 ||   273
       Confused          |       |     3 |    20 |    48 ||    71
       Invisible         |       |       |       |    12 ||    12
       Distracted        |       |       |       |     1 ||     1
Armor: Robe              |     6 |    16 |    11 |     8 ||    41
       Steam dragon scal |       |       |       |    10 ||    10
Dodge: Dodged            |    68 |   138 |   186 |   399 ||   791
Block: Buckler           |       |       |     2 |   142 ||   144
       Rpst.: Long sword |       |       |       |     2 ||     2

Table legend: (Time is in decaauts)
 A = Elapsed time spent in this place.
 B = Non-inter-level travel time spent in this place.
 C = Inter-level travel time spent in this place.
 D = Time resting spent in this place.
 E = Time spent auto-exploring this place.
 F = Levels seen in this place.
 G = Mean time per level.
                   A        B        C        D        E       F      G
               +--------+--------+--------+--------+--------+-----+--------+
         Total |  16586 |  15802 |    784 |   6329 |   6655 |  15 | 1105.7 |
       Dungeon |  14378 |  13657 |    721 |   5509 |   5706 |  11 | 1307.1 |
        Temple |    137 |    112 |     25 |      0 |    109 |   1 |  137.0 |
          Lair |   1968 |   1939 |     29 |    820 |    761 |   2 |  984.0 |
  Orcish Mines |    103 |     95 |      8 |      0 |     77 |   1 |  103.0 |
               +--------+--------+--------+--------+--------+-----+--------+

Top non-repeatable levels by time:
    D:10: 2070 daAuts
     D:5: 1707 daAuts
     D:8: 1582 daAuts
     D:7: 1374 daAuts
     D:4: 1346 daAuts
     D:2: 1315 daAuts
     D:9: 1303 daAuts
     D:6: 1294 daAuts
  Lair:2: 1106 daAuts
     D:3: 1040 daAuts
  Lair:1: 861 daAuts
    D:11: 760 daAuts
     D:1: 583 daAuts
  Temple: 137 daAuts
   Orc:1: 103 daAuts
